Map: Troizinia LE

Players

SIRGARTH - Winner!

  • Race: Terran Terran
  • Spawn Location: 9:00

Stimorol - Winner!

  • Race: Zerg Zerg
  • League: Silver
  • Spawn Location: 11:00

Infamous - Winner!

  • Race: Protoss Protoss
  • League: Silver
  • Spawn Location: 12:00

MannyP - Winner!

  • Race: Terran Terran
  • Spawn Location: 11:00

Hypnotize

  • Race: Terran Terran
  • Spawn Location: 6:00

Neravar

  • Race: Protoss Protoss
  • Spawn Location: 5:00

Bluntman

  • Race: Protoss Protoss
  • Spawn Location: 5:00

Roosevelt

  • Race: Zerg Zerg
  • Spawn Location: 3:00

VOD

Have the link to the VOD?

Description

Time

  • Played on: March 13, 2018, 1:23 p.m.
  • Length: 29:17
Show
View Real Time Build Order
Export as new Build Order

SIRGARTH Terran - Winner!

Build Orders:  

Get SALT Encoding   

  12  0:04  SCV  
  13  0:17  Supply Depot  
  13  0:34  Engineering Bay  
  13  0:38  SCV  
  14  0:43  Refinery  
  14  0:50  SCV  
  15  0:57  Supply Depot  
  15  1:09  Barracks  
  15  1:12  SCV  
  16  1:24  SCV  
  17  1:36  SCV  
  17  1:39  Missile Turret  
  18  1:48  SCV  
  19  2:00  SCV  
  20  2:05  Barracks Tech Lab  
  20  2:12  SCV  
  21  2:30  Refinery  
  21  2:32  Marauder  
  23  2:53  Marauder  
  25  3:15  Marauder  
  25  3:17  Concussive Shells  
  27  3:26  Barracks  
  27  3:36  Marauder  
  29  3:41  Command Center  
  29  3:48  Supply Depot  
  29  3:58  Marauder  
  31  4:10  Orbital Command  
  31  4:18  Supply Depot  
  31  4:19  Marauder  
  33  4:24  Supply Depot  
  33  4:36  Barracks Tech Lab  
  33  4:40  Marauder  
  35  4:49  Missile Turret  
  35  4:53  Hi-Sec Auto Tracking  
  35  5:01  SCV  
  35  5:02  Marauder  
  38  5:10  Missile Turret  
  38  5:13  SCV  
  39  5:18  Planetary Fortress  
  39  5:23  Marauder  
  41  5:30  Missile Turret  
  41  5:36  Factory  
  41  5:51  Terran Infantry Weapons Level 1  
  41  5:54  Marauder  
  41  5:56  Marauder  
  45  6:03  Missile Turret  
  45  6:15  Marauder  
  47  6:36  Marauder  
  49  6:43  Marauder  
  51  6:52  SCV  
  52  6:58  Marauder  
  54  7:04  SCV  
  54  7:05  Marauder  
  57  7:14  Missile Turret  
  57  7:16  SCV  
  57  7:19  Marauder  
  60  7:26  Marauder  
  62  7:32  Missile Turret  
  62  7:33  Missile Turret  
  62  7:37  SCV  
  62  7:41  Marauder  
  65  7:48  Marauder  
  65  7:49  SCV  
  68  7:53  Terran Infantry Armor Level 1  
  68  8:01  SCV  
  68  8:03  Factory Tech Lab  
  69  8:13  SCV  
  70  8:25  Stimpack  
  70  8:45  Sensor Tower  
  70  8:54  Missile Turret  
  70  8:59  Siege Tank, SCV  
  74  9:19  Missile Turret  
  74  9:21  SCV  
  75  9:28  Refinery  
  75  9:29  Missile Turret  
  75  9:31  Siege Tank  
  78  9:32  Refinery  
  78  9:33  SCV  
  79  9:45  SCV  
  79  9:47  Building Armor  
  80  9:58  SCV  
  81  10:03  Siege Tank  
  84  10:10  SCV  
  85  10:17  Factory  
  45  11:54  Factory Tech Lab  
  45  12:10  Armory  
  45  12:20  Barracks Reactor  
  45  12:27  Barracks Reactor  
  45  12:44  Factory, Missile Turret  
  45  13:02  Marine x2  
  45  13:04  Missile Turret  
  47  13:10  Barracks  
  47  13:19  Marine  
  47  13:20  Marine  
  47  13:25  Terran Vehicle Weapons Level 1  
  49  13:27  Thor  
  49  13:28  Armory  
  49  13:30  Thor  
  61  13:37  Marine x4  
  65  13:54  Marine  
  65  13:55  Marine x3  
  67  13:56  Command Center  
  67  13:57  Missile Turret  
  69  14:10  Thor  
  69  14:12  Marine  
  69  14:13  Marine, Thor  
  83  14:30  Marine x2  
  85  14:42  Factory, Barracks Tech Lab  
  85  15:07  Thor x2  
  97  15:19  Terran Vehicle And Ship Armor Level 1  
  63  15:50  Thor  
  69  16:22  Thor  
  75  16:26  Combat Shields  
  75  16:33  Thor  
  75  17:05  Thor  
  81  17:16  Thor  
  87  17:47  Terran Vehicle And Ship Armor Level 2  
  87  17:48  Thor  
  87  17:49  Terran Vehicle Weapons Level 2  
  93  17:52  Siege Tank  
  96  18:03  Refinery  
  96  18:16  Planetary Fortress  
  96  18:20  Refinery  
  96  18:24  Siege Tank  
  96  19:38  Thor  
  96  19:50  Thor  
  93  20:29  Thor  
  93  20:31  Marine  
  93  20:32  Marine  
  101  22:13  Marine x5  
  100  22:16  Thor  
  100  22:17  Thor  
  100  22:19  Thor  
  88  22:31  Marine x5  
  93  22:49  Marine x5  
  96  23:07  Marine x3  
  99  23:24  Marine  
  100  24:07  Thor  
  94  24:44  Marine x3  
  85  24:48  Marine x2  
  85  24:51  Thor  
  86  24:55  Thor x2  
  92  25:02  Marine x3  
  92  25:06  Marine x2  
  91  25:19  Marine  
  91  25:20  Marine x2  
  94  25:24  Marine x2  
  96  25:37  Marine x2  
  96  25:38  Marine  
  96  25:41  Marine  
  96  25:42  Marine  
  101  25:54  Thor  
  101  25:55  Marine  
  99  25:57  Thor  
  99  25:59  Thor  
  90  26:37  Thor  
  84  27:20  Thor  
  79  27:53  Marine x2  
  79  27:58  Marauder  
  82  28:01  Marine x2  
  82  28:03  Thor  
  82  28:05  Thor  
  96  28:11  Marine x2  
  98  28:14  Thor  
  98  28:18  Marine  
  98  28:19  Marine, Marauder  
  97  28:29  Marine x2  
  99  28:36  Marine x2  
  101  28:46  Orbital Command  
Show
View Real Time Build Order
Export as new Build Order

Stimorol Zerg - Winner!

Build Orders: 3 Hatch before Pool 

Get SALT Encoding   

  12  0:01  Drone  
  13  0:12  Overlord  
  13  0:17  Drone  
  14  0:30  Drone  
  14  0:35  Drone x2  
  17  0:49  Drone  
  18  1:00  Drone  
  19  1:05  Hatchery  
  19  1:11  Drone  
  19  1:25  Drone, Hatchery  
  19  1:38  Drone  
  20  1:42  Drone  
  21  1:59  Drone  
  22  2:02  Overlord  
  22  2:07  Spawning Pool  
  21  2:11  Drone  
  22  2:18  Drone  
  23  2:25  Extractor  
  23  2:26  Hatchery  
  23  2:29  Drone x2  
  23  2:35  Extractor  
  23  2:37  Extractor  
  21  2:39  Drone  
  21  2:40  Extractor  
  21  2:41  Drone  
  22  2:53  Drone x4  
  26  3:05  Drone  
  26  3:06  Drone x3  
  26  3:12  Drone  
  31  3:14  Drone  
  32  3:20  Metabolic Boost  
  32  3:25  Zergling x2  
  33  3:28  Zergling x2  
  33  3:30  Zergling x2  
  33  3:33  Zergling x2  
  36  3:35  Zergling x2  
  36  3:38  Zergling x2  
  38  3:44  Drone x2  
  38  3:47  Drone  
  38  3:48  Drone  
  42  3:53  Drone x2  
  44  3:59  Drone x2  
  44  4:01  Drone  
  47  4:05  Drone  
  48  4:20  Overlord x2  
  48  4:29  Drone, Evolution Chamber  
  48  4:31  Drone x2, Evolution Chamber x2  
  48  4:38  Drone x5  
  53  4:42  Drone  
  53  4:43  Drone x3  
  57  4:49  Drone x3  
  60  4:54  Drone x3  
  60  4:57  Zerg Melee Weapons Level 1  
  63  5:01  Zerg Missile Weapons Level 1  
  63  5:04  Zerg Ground Armor Level 1  
  63  5:16  Drone  
  63  5:19  Overlord  
  64  5:23  Overlord x2  
  64  5:36  Lair  
  64  5:37  Drone  
  64  5:38  Drone x2  
  64  5:40  Drone  
  64  5:41  Drone x7  
  75  5:44  Extractor  
  75  5:45  Extractor  
  75  5:48  Extractor x2, Drone  
  72  5:51  Queen x3  
  78  6:01  Hatchery  
  78  6:03  Hatchery  
  76  6:26  Drone x9  
  76  6:27  Drone x3  
  88  6:42  Spire  
  88  6:44  Spire, Queen  
  88  6:45  Infestation Pit  
  87  6:51  Zerg Melee Weapons Level 2  
  87  6:54  Zerg Missile Weapons Level 2  
  87  6:58  Zerg Ground Armor Level 2  
  87  7:03  Overlord  
  87  7:04  Overlord x4  
  87  7:15  Drone x2  
  88  7:16  Drone x11  
  100  7:41  Hatchery  
  99  7:48  Hive  
  99  7:55  Hydralisk Den  
  99  7:57  Zerg Flyer Weapons Level 1, Zerg Flyer Armor Level 1  
  98  7:59  Roach Warren  
  97  8:22  Mutalisk x3  
  97  8:23  Mutalisk x9  
  97  8:24  Mutalisk x7  
  97  8:25  Mutalisk x2  
  139  8:29  Overlord  
  139  8:30  Overlord x2  
  139  9:04  Overlord x2  
  139  9:05  Overlord x3  
  139  9:18  Zergling x2  
  139  9:19  Zergling x8  
  139  9:20  Zergling x10  
  139  9:21  Zergling x10  
  139  9:22  Zergling x8  
  156  9:31  Zergling x8  
  143  9:32  Zergling x6  
  143  9:33  Zergling x6  
  143  9:34  Zergling x4  
  143  9:35  Zergling x6  
  143  9:36  Zergling x6  
  143  9:37  Zergling x4  
  143  9:38  Zergling x2  
  145  9:46  Zerg Melee Weapons Level 3, Zerg Missile Weapons Level 3  
  145  9:47  Zerg Ground Armor Level 3  
  145  9:52  Grooved Spines  
  131  9:53  Tunneling Claws  
  131  9:55  Zerg Flyer Weapons Level 2, Zerg Flyer Armor Level 2  
  131  10:10  Mutalisk  
  131  10:11  Mutalisk x3  
  131  10:12  Mutalisk x2  
  131  10:13  Mutalisk x4  
  131  10:14  Mutalisk x4  
  151  10:15  Mutalisk  
  151  10:19  Mutalisk  
  135  10:25  Mutalisk  
  136  10:33  Mutalisk  
  136  10:34  Mutalisk  
  129  10:37  Mutalisk  
  129  10:41  Mutalisk  
  133  11:03  Muscular Augments  
  133  11:12  Glial Reconstitution  
  133  11:20  Mutalisk  
  133  11:21  Mutalisk x2  
  133  11:22  Mutalisk x3  
  133  11:23  Mutalisk  
  133  11:24  Mutalisk x2  
  151  11:29  Mutalisk  
  153  11:57  Mutalisk x2  
  153  11:58  Mutalisk x4  
  153  11:59  Mutalisk  
  167  12:07  Roach  
  167  12:08  Roach x3  
  173  12:09  Roach  
  173  12:10  Mutalisk  
  173  12:11  Mutalisk x4  
  173  12:14  Mutalisk  
  187  12:30  Mutalisk  
  187  12:34  Mutalisk x2  
  187  12:35  Mutalisk  
  179  12:37  Mutalisk  
  177  12:46  Zergling x8  
  177  12:47  Zergling x2  
  177  12:48  Zergling x2  
  177  12:49  Zergling x22  
  190  13:45  Mutalisk x5  
  190  13:46  Mutalisk x3  
  182  14:11  Mutalisk x3  
  182  14:12  Mutalisk x6  
  182  14:13  Mutalisk x3  
  182  14:14  Mutalisk  
  154  14:44  Zergling x2  
  154  14:45  Zergling x14  
  151  14:46  Zergling x20  
  151  14:47  Zergling x4  
  159  14:56  Hydralisk  
  159  14:57  Hydralisk x5  
  167  15:03  Hydralisk x2  
  167  15:04  Hydralisk x3  
  161  15:16  Hydralisk x3  
  161  15:17  Hydralisk x7  
  161  15:18  Hydralisk x7  
  161  15:20  Zergling x2  
  161  15:21  Zergling x8  
  198  15:33  Hydralisk  
  190  16:06  Hydralisk x3  
  190  16:07  Hydralisk x3  
  190  16:08  Hydralisk  
  165  16:28  Hydralisk x3  
  165  16:29  Hydralisk x4  
  165  16:30  Hydralisk x3  
  165  16:31  Hydralisk x4  
  165  16:32  Hydralisk x2  
  165  16:33  Hydralisk x5  
  165  16:34  Hydralisk x5  
  165  16:35  Hydralisk x3  
  165  16:39  Hydralisk  
  183  16:40  Hydralisk x2  
  169  17:04  Hydralisk  
  169  17:05  Hydralisk x10  
  191  17:10  Hydralisk  
  191  17:14  Hydralisk  
  195  17:20  Hydralisk  
  197  17:23  Hydralisk  
  183  18:30  Hydralisk  
  183  18:31  Hydralisk x2  
  183  18:32  Hydralisk x2  
  183  18:33  Hydralisk x3  
  183  18:34  Hydralisk x2  
  187  18:35  Hydralisk x3  
  188  18:56  Hydralisk  
  188  18:57  Hydralisk x3  
  188  18:58  Hydralisk x3  
  188  19:00  Hydralisk  
  193  19:08  Hydralisk  
  178  19:10  Hydralisk  
  162  19:28  Hydralisk  
  162  19:29  Hydralisk x3  
  136  19:33  Hydralisk  
  124  19:39  Hydralisk  
  126  19:49  Hydralisk x2  
  130  20:02  Hydralisk x3  
  136  20:32  Hydralisk  
  136  20:33  Hydralisk  
  140  20:46  Zergling x2  
  140  20:47  Zergling x18  
  140  20:48  Zergling x26  
  140  20:49  Zergling x8  
  166  21:01  Zergling x2  
  166  21:02  Zergling x14  
  171  21:11  Zergling x2  
  171  21:12  Zergling x12  
  175  21:19  Zergling x2  
  175  21:20  Zergling x4  
  175  21:21  Zergling x4  
  175  21:22  Zergling x4  
  175  21:25  Zergling x6  
  182  21:26  Zergling x4  
  182  21:29  Zergling x2  
  182  21:30  Zergling x22  
  182  21:31  Zergling x4  
  198  21:44  Zergling x8  
  198  21:45  Zergling x2  
  198  21:52  Zergling x2  
  198  21:53  Zergling x12  
  199  21:54  Zergling x2  
  189  22:43  Zergling x2  
  190  22:44  Zergling x20  
  192  23:38  Drone  
  192  23:39  Drone x3  
  192  23:40  Drone x3  
  192  23:41  Drone x3  
  161  23:42  Drone x2  
  92  23:56  Drone  
  81  24:03  Drone  
  50  24:16  Drone  
  51  24:18  Drone  
  53  24:45  Drone  
  53  24:46  Drone x3  
  56  25:13  Drone  
  56  25:14  Drone x3  
Show
View Real Time Build Order
Export as new Build Order

Infamous Protoss - Winner!

Build Orders:  

Get SALT Encoding   

  12  0:01  Probe  
  13  0:13  Probe  
  14  0:19  Pylon  
  15  0:28  Probe (Chrono Boost)  
  15  0:37  Gateway  
  15  0:39  Probe (Chrono Boost)  
  16  0:45  Probe  
  17  0:52  Assimilator  
  17  1:02  Probe  
  18  1:06  Pylon  
  18  1:15  Probe  
  19  1:25  Cybernetics Core  
  19  1:27  Probe (Chrono Boost)  
  20  1:37  Zealot  
  20  1:39  Probe (Chrono Boost)  
  23  1:53  Probe  
  24  2:05  Probe  
  25  2:14  Assimilator  
  25  2:26  Nexus  
  25  2:28  Pylon  
  25  2:42  Stalker (Chrono Boost)  
  25  2:43  Pylon  
  25  2:54  Stargate  
  25  3:03  Probe  
  26  3:10  Adept (Chrono Boost)  
  26  3:11  Forge  
  28  3:24  Probe  
  29  3:30  Stargate  
  29  3:37  Probe  
  30  3:42  Protoss Air Weapons Level 1 (Chrono Boost)  
  30  3:49  Probe  
  31  4:03  Nexus  
  31  4:06  Pylon  
  31  4:08  Pylon  
  31  4:13  Photon Cannon  
  31  4:15  Void Ray (Chrono Boost)  
  35  4:36  Assimilator  
  35  4:38  Photon Cannon  
  35  4:45  Probe  
  36  4:56  Shield Battery  
  36  5:02  Void Ray  
  40  5:11  Probe  
  41  5:23  Probe, Void Ray (Chrono Boost)  
  46  5:31  Protoss Air Armor Level 1 (Chrono Boost)  
  46  5:44  Probe  
  46  5:45  Probe  
  52  6:06  Void Ray (Chrono Boost)  
  52  6:18  Robotics Facility  
  52  6:31  Assimilator  
  52  6:32  Probe  
  53  6:33  Probe  
  53  6:39  Stargate  
  54  6:47  Void Ray  
  58  7:05  Photon Cannon  
  58  7:08  Photon Cannon  
  58  7:13  Shield Battery  
  58  7:14  Fleet Beacon  
  58  7:15  Pylon  
  58  7:17  Probe  
  58  7:18  Probe  
  60  7:30  Void Ray (Chrono Boost)  
  64  7:58  Void Ray (Chrono Boost)  
  72  8:08  Void Ray (Chrono Boost)  
  72  8:13  Probe x2  
  72  8:16  Anion Pulse-Crystals  
  75  8:27  Probe x2  
  76  8:41  Nexus  
  76  9:03  Probe  
  76  9:04  Probe  
  76  9:09  Protoss Air Armor Level 2 (Chrono Boost)  
  78  9:11  Carrier (Chrono Boost)  
  62  9:19  Void Ray (Chrono Boost)  
  62  10:06  Pylon  
  56  10:10  Probe x3, Pylon  
  59  10:20  Graviton Catapult  
  59  10:22  Probe  
  59  10:24  Carrier  
  66  10:38  Assimilator  
  66  10:42  Assimilator  
  66  10:46  Stargate  
  66  10:48  Stargate  
  34  11:07  Tempest  
  34  11:15  Probe  
  28  11:59  Oracle x2 (Chrono Boost)  
  34  12:22  Photon Cannon  
  34  12:23  Photon Cannon  
  34  12:26  Photon Cannon  
  34  12:33  Photon Cannon  
  34  12:39  Photon Cannon  
  34  12:53  Void Ray  
  34  12:54  Void Ray  
  42  13:09  Nexus  
  42  13:44  Void Ray  
  46  13:56  Probe  
  47  14:20  Probe  
  48  14:29  Pylon  
  28  15:26  Void Ray x2 (Chrono Boost)  
  30  15:35  Assimilator  
  30  15:36  Probe x2  
  32  15:56  Pylon  
  32  16:17  Nexus  
  32  16:34  Void Ray (Chrono Boost)  
  36  16:51  Stargate  
  40  17:10  Void Ray (Chrono Boost)  
  40  17:36  Fleet Beacon  
  40  17:41  Stargate  
  44  18:07  Void Ray (Chrono Boost)  
  44  18:08  Void Ray (Chrono Boost)  
  48  18:17  Protoss Air Weapons Level 2 (Chrono Boost)  
  48  18:18  Probe  
  48  18:19  Probe x2  
  51  18:53  Probe (Chrono Boost)  
  51  18:54  Void Ray (Chrono Boost)  
  57  19:03  Probe (Chrono Boost)  
  57  19:13  Void Ray (Chrono Boost)  
  61  19:21  Probe  
  61  19:24  Probe  
  63  19:29  Pylon  
  63  19:34  Probe  
  63  19:35  Probe  
  65  19:58  Probe (Chrono Boost)  
  67  20:01  Probe (Chrono Boost)  
  67  20:03  Void Ray (Chrono Boost)  
  71  20:08  Probe (Chrono Boost)  
  72  20:23  Assimilator  
  72  20:27  Assimilator  
  72  20:29  Pylon  
  72  20:32  Photon Cannon x2  
  73  20:50  Probe  
  73  20:51  Probe x2, Void Ray (Chrono Boost)  
  73  20:52  Void Ray (Chrono Boost)  
  83  21:10  Void Ray (Chrono Boost)  
  79  21:34  Void Ray x2 (Chrono Boost)  
  79  21:45  Void Ray (Chrono Boost)  
  83  21:54  Probe  
  84  21:57  Probe  
  85  22:02  Protoss Air Weapons Level 3 (Chrono Boost)  
  85  22:14  Void Ray (Chrono Boost)  
  89  22:37  Void Ray  
  93  23:04  Photon Cannon  
  93  23:06  Photon Cannon  
  93  23:11  Pylon  
  93  23:28  Void Ray (Chrono Boost)  
  93  23:31  Void Ray (Chrono Boost)  
  105  23:42  Void Ray (Chrono Boost)  
  105  24:01  Void Ray (Chrono Boost)  
  105  24:07  Void Ray (Chrono Boost)  
  57  24:21  Void Ray (Chrono Boost)  
  61  24:28  Void Ray (Chrono Boost)  
  65  24:51  Void Ray (Chrono Boost)  
  65  25:08  Nexus  
  65  25:11  Pylon  
  65  25:38  Pylon  
  65  26:01  Stargate  
  65  26:04  Stargate  
  65  26:07  Stargate  
  53  26:44  Probe  
  53  26:45  Probe x2  
  53  26:46  Probe  
  57  26:56  Probe  
  58  27:19  Pylon  
  58  27:20  Pylon  
  58  27:26  Void Ray (Chrono Boost)  
  58  27:27  Void Ray (Chrono Boost)  
  66  27:30  Void Ray x2 (Chrono Boost)  
  66  27:42  Probe x3  
  66  27:43  Probe  
  70  27:46  Pylon  
  70  27:49  Pylon  
  70  27:51  Pylon  
  60  28:18  Void Ray (Chrono Boost)  
  60  28:19  Void Ray (Chrono Boost)  
  72  28:24  Probe  
  72  28:25  Void Ray (Chrono Boost)  
  72  28:34  Shield Battery  
  69  28:36  Assimilator  
  69  28:37  Probe  
  69  28:41  Assimilator  
Show
View Real Time Build Order
Export as new Build Order

MannyP Terran - Winner!

Build Orders:  

Get SALT Encoding   

  12  0:10  Supply Depot  
  12  0:14  SCV  
  13  0:26  SCV  
  14  0:36  Barracks  
  14  0:38  SCV  
  15  0:49  Refinery  
  15  0:50  SCV  
  16  0:57  Refinery  
  16  1:03  SCV  
  17  1:15  SCV  
  18  1:27  SCV  
  18  1:32  Marine  
  20  1:50  Marine  
  20  1:54  Command Center  
  21  2:03  SCV  
  22  2:14  Marine  
  23  2:25  Supply Depot  
  23  2:47  Marine, SCV  
  25  2:59  SCV  
  25  3:02  Factory  
  26  3:10  SCV, Refinery  
  26  3:11  SCV  
  28  3:17  Barracks Tech Lab  
  27  3:22  SCV  
  27  3:23  SCV  
  29  3:28  Ghost Academy  
  29  3:34  SCV  
  29  3:35  SCV  
  31  3:47  Starport  
  31  3:52  Factory Tech Lab  
  31  3:55  SCV  
  32  4:02  Refinery  
  32  4:07  SCV  
  33  4:18  Orbital Command  
  33  4:19  SCV  
  34  4:25  Starport Tech Lab, Ghost Academy  
  35  4:31  SCV  
  35  4:35  Barracks  
  35  4:38  Personal Cloaking  
  35  4:43  SCV  
  36  4:48  SCV  
  37  4:55  SCV  
  38  5:07  SCV  
  38  5:09  Ghost  
  41  5:19  SCV  
  41  5:20  Ghost Academy  
  42  5:27  Barracks Tech Lab  
  42  5:28  Starport  
  42  5:31  SCV  
  43  5:36  Supply Depot  
  43  5:37  Ghost  
  43  5:40  Nuke  
  45  5:44  SCV  
  46  5:57  Nuke  
  46  5:58  Medivac  
  46  6:01  Supply Depot  
  48  6:04  Nuke  
  48  6:07  Supply Depot  
  48  6:08  Starport Tech Lab  
  48  6:13  Ghost  
  48  6:16  Ghost  
  52  6:32  Ghost Academy  
  52  6:35  Ghost Academy  
  52  6:37  Medivac  
  54  6:41  Ghost  
  54  6:45  Supply Depot  
  56  7:12  SCV  
  57  7:24  SCV  
  58  7:36  SCV  
  59  7:48  SCV  
  60  8:00  SCV  
  61  8:09  Fusion Core  
  61  8:16  Nuke x2  
  61  8:17  Supply Depot  
  57  10:19  Nuke  
  57  10:20  Nuke x4  
  53  12:48  Nuke x5  
  53  12:55  Medivac  
  53  12:57  Ghost x2  
  59  13:25  Ghost x2  
  63  14:12  Ghost Academy  
  63  16:27  Nuke  
  63  16:28  Nuke x5  
  63  17:13  Battlecruiser  
  63  17:14  Battlecruiser  
  75  17:21  Supply Depot  
  75  17:27  Supply Depot  
  75  17:30  Supply Depot  
  75  18:08  Command Center  
  60  19:48  Nuke  
  60  19:49  Nuke x5  
  60  21:35  Nuke x2  
  60  22:07  Nuke x2  
  58  25:27  Nuke x2  
  58  25:28  Nuke x2  
  52  26:57  Nuke x4  
  52  27:39  Nuke x2  
  52  28:13  Nuke x2  
Show
View Real Time Build Order
Export as new Build Order

Hypnotize Terran 

Build Orders:  

Get SALT Encoding   

  12  0:11  SCV  
  13  0:24  Refinery  
  13  0:26  SCV  
  14  0:38  SCV  
  15  0:50  Supply Depot  
  15  1:11  SCV  
  15  1:17  Barracks  
  16  1:23  SCV  
  17  1:38  SCV  
  18  1:50  SCV  
  18  1:51  Command Center  
  19  2:02  SCV  
  19  2:05  Barracks  
  20  2:15  Marine  
  21  2:32  Marine  
  22  2:50  Marine  
  23  3:00  Bunker  
  23  3:02  Barracks Reactor  
  23  3:08  Marine  
  19  3:53  Supply Depot  
  19  4:02  SCV  
  20  4:08  SCV  
  21  4:14  SCV, Refinery  
  21  4:16  Supply Depot  
  22  4:20  SCV  
  23  4:27  SCV  
  24  4:32  SCV  
  25  4:39  SCV  
  25  4:44  Factory, SCV  
  27  4:51  SCV  
  28  5:08  SCV  
  28  5:11  Orbital Command  
  29  5:17  Barracks Tech Lab  
  29  5:20  SCV  
  30  5:25  Barracks Reactor  
  30  5:31  Engineering Bay  
  30  5:32  SCV  
  30  5:33  Factory Tech Lab  
  31  5:44  SCV  
  32  5:57  SCV  
  33  5:59  Factory  
  33  6:07  Combat Shields  
  33  6:12  Siege Tank  
  36  6:19  Refinery  
  36  6:23  SCV  
  36  6:24  Refinery  
  37  6:34  SCV  
  37  6:35  SCV  
  39  6:44  Siege Tank  
  39  6:46  SCV  
  43  6:47  Starport  
  43  6:48  SCV  
  44  6:58  SCV  
  44  6:59  Factory Tech Lab  
  44  7:00  SCV  
  46  7:20  Supply Depot  
  46  7:27  Stimpack  
  46  7:42  SCV  
  46  7:43  Supply Depot  
  47  7:44  Orbital Command  
  47  7:54  SCV  
  48  8:00  Starport Reactor  
  48  8:06  Starport  
  48  8:16  Missile Turret  
  48  8:37  Missile Turret  
  48  9:10  Command Center, Refinery  
  48  9:14  Marine x3  
  48  10:26  Supply Depot  
  48  10:27  Supply Depot  
  48  10:30  Barracks  
  48  10:36  Barracks  
  48  10:49  Factory Tech Lab  
  48  11:23  Barracks Tech Lab  
  48  11:26  Barracks Reactor  
  49  11:46  Planetary Fortress  
  47  12:14  Supply Depot  
  47  12:17  Barracks  
  47  12:20  Supply Depot  
  47  12:21  Barracks  
  47  12:25  Starport Reactor  
  47  12:29  Barracks x2  
  46  12:30  Barracks  
  46  12:50  Hellion  
  48  13:10  Barracks Tech Lab  
  48  13:12  Hellion  
  50  13:18  Barracks Reactor  
  50  13:19  Barracks  
  50  13:27  Barracks Tech Lab  
  50  13:30  Barracks Reactor x2  
  50  13:31  Barracks Reactor  
  50  13:53  Engineering Bay  
  50  13:57  Marine  
  50  14:01  Marine x2  
  53  14:08  Medivac x2  
  53  14:09  Medivac x2  
  61  14:15  Marine  
  62  14:17  Supply Depot, Barracks Reactor  
  62  14:33  Supply Depot  
  62  14:34  Supply Depot  
  62  14:37  Supply Depot  
  62  14:38  Marine x3  
  62  14:41  Supply Depot  
  65  14:49  Command Center  
  65  14:56  Marine x3  
  68  15:02  Missile Turret  
  68  15:14  Marine x3  
  71  15:40  Starport Reactor  
  71  15:42  Starport Reactor  
  9  18:05  Marine x2  
  11  18:23  Marine x2  
  8  18:40  Marine  
  8  18:41  Marine  
  7  18:58  Marine x2  
  1  20:36  Orbital Command  
  1  21:57  Orbital Command  
  1  22:49  Command Center  
  1  24:21  Supply Depot  
  1  24:22  SCV  
  2  24:26  SCV  
  3  24:34  SCV  
  3  24:38  SCV  
  5  24:47  SCV  
  5  24:50  SCV  
  7  24:59  SCV  
  8  25:02  SCV  
  9  25:11  SCV  
  10  25:14  SCV  
  10  25:16  Barracks  
  10  25:18  Supply Depot  
  11  25:21  Supply Depot  
  11  25:23  Supply Depot  
  11  25:24  Barracks  
  11  26:35  Barracks Reactor x2  
  11  26:41  Supply Depot  
  11  26:43  Supply Depot, Orbital Command  
  11  26:47  Supply Depot  
  11  26:50  Refinery  
  11  26:52  SCV, Refinery  
  12  27:04  SCV  
  13  27:16  SCV  
  11  27:28  SCV  
  11  27:31  Marine x4  
  13  27:40  SCV  
  13  27:48  Marine x2  
  13  27:49  Marine x2  
  13  28:03  SCV  
  13  28:04  SCV  
  15  28:06  Marine x3  
  15  28:07  Marine  
  19  28:16  SCV x2  
  20  28:24  Marine  
  14  28:28  SCV  
  12  28:35  Marine  
Show
View Real Time Build Order
Export as new Build Order

Neravar Protoss 

Build Orders:  

Get SALT Encoding   

  12  0:11  Probe (Chrono Boost)  
  14  0:21  Probe (Chrono Boost)  
  14  0:26  Probe (Chrono Boost)  
  15  0:37  Pylon  
  15  0:50  Pylon  
  15  0:55  Probe (Chrono Boost)  
  16  1:02  Forge  
  16  1:07  Probe (Chrono Boost)  
  17  1:13  Probe (Chrono Boost)  
  18  1:32  Gateway  
  18  1:56  Assimilator  
  18  2:01  Assimilator  
  18  2:20  Photon Cannon  
  18  2:24  Photon Cannon x2  
  18  2:31  Photon Cannon  
  18  2:36  Nexus  
  18  2:50  Cybernetics Core  
  18  2:53  Photon Cannon  
  18  3:07  Probe (Chrono Boost)  
  19  3:16  Probe (Chrono Boost)  
  20  3:23  Probe (Chrono Boost)  
  21  3:32  Probe (Chrono Boost)  
  22  3:43  Assimilator  
  22  3:48  Probe (Chrono Boost)  
  22  3:50  Assimilator  
  23  3:58  Pylon, Probe (Chrono Boost)  
  24  4:03  Probe (Chrono Boost)  
  24  4:06  Pylon  
  25  4:14  Stargate  
  25  4:19  Stargate  
  25  4:26  Stargate  
  26  4:33  Probe x2 (Chrono Boost)  
  27  4:43  Probe (Chrono Boost)  
  27  4:45  Probe (Chrono Boost)  
  29  4:46  Protoss Air Weapons Level 1  
  29  4:48  Probe (Chrono Boost)  
  30  4:56  Protoss Shields Level 1  
  31  5:00  Probe (Chrono Boost)  
  31  5:04  Probe (Chrono Boost)  
  32  5:10  Probe (Chrono Boost)  
  32  5:13  Probe (Chrono Boost)  
  34  5:19  Probe (Chrono Boost)  
  35  5:29  Void Ray  
  39  5:45  Void Ray  
  39  5:47  Void Ray  
  47  6:06  Probe (Chrono Boost)  
  48  6:15  Probe (Chrono Boost)  
  48  6:16  Probe (Chrono Boost)  
  50  6:18  Void Ray  
  50  6:23  Probe (Chrono Boost)  
  55  6:27  Probe (Chrono Boost)  
  56  6:39  Pylon  
  56  6:40  Protoss Air Armor Level 1  
  56  6:42  Pylon  
  56  6:49  Pylon  
  56  6:55  Photon Cannon  
  56  6:56  Void Ray x2  
  64  7:16  Nexus  
  64  7:20  Assimilator  
  64  7:25  Assimilator  
  64  7:31  Void Ray  
  68  7:39  Void Ray  
  72  7:52  Void Ray  
  76  8:09  Probe (Chrono Boost)  
  77  8:14  Void Ray  
  77  8:19  Probe (Chrono Boost)  
  82  8:21  Void Ray  
  82  8:27  Probe  
  86  8:28  Probe  
  88  8:39  Probe  
  88  8:40  Probe  
  90  8:41  Pylon  
  90  8:44  Pylon  
  90  8:47  Pylon  
  90  8:52  Probe  
  91  8:58  Void Ray  
  91  8:59  Stargate  
  95  9:05  Pylon  
  67  9:32  Photon Cannon  
  67  9:34  Photon Cannon  
  62  9:39  Void Ray x2  
  65  9:55  Probe (Chrono Boost)  
  66  10:06  Probe x2 (Chrono Boost)  
  68  10:13  Probe (Chrono Boost)  
  70  10:14  Probe (Chrono Boost)  
  70  10:18  Probe (Chrono Boost)  
  71  10:22  Pylon  
  71  10:28  Pylon  
  71  10:34  Pylon  
  71  10:40  Void Ray  
  71  10:41  Void Ray x2  
  83  10:56  Probe (Chrono Boost)  
  84  11:07  Probe (Chrono Boost)  
  85  11:12  Probe (Chrono Boost)  
  85  11:15  Void Ray  
  90  11:23  Probe, Void Ray x2  
  99  11:28  Twilight Council  
  99  11:33  Fleet Beacon  
  99  11:57  Void Ray  
  99  11:58  Void Ray  
  107  12:06  Void Ray  
  107  12:08  Protoss Shields Level 2  
  111  12:11  Pylon  
  111  12:13  Photon Cannon  
  111  12:18  Protoss Air Weapons Level 2 (Chrono Boost)  
  111  12:37  Void Ray  
  111  12:41  Probe (Chrono Boost)  
  117  12:52  Probe (Chrono Boost), Stargate  
  117  12:54  Stargate  
  117  12:57  Probe (Chrono Boost)  
  117  12:59  Stargate  
  118  13:10  Probe (Chrono Boost)  
  119  13:13  Probe (Chrono Boost), Void Ray x2  
  119  13:14  Void Ray  
  120  13:22  Pylon  
  120  13:23  Probe (Chrono Boost)  
  133  13:28  Probe (Chrono Boost)  
  134  13:40  Probe  
  135  13:47  Void Ray x3  
  147  13:52  Probe  
  147  13:54  Void Ray  
  124  14:24  Protoss Air Armor Level 2 (Chrono Boost)  
  100  14:53  Probe  
  101  15:06  Probe  
  98  15:16  Photon Cannon  
  98  15:18  Probe, Void Ray x2  
  98  15:19  Void Ray x5  
  127  15:30  Probe  
  128  15:37  Photon Cannon  
  128  15:40  Photon Cannon  
  128  15:42  Probe (Chrono Boost)  
  129  15:44  Photon Cannon  
  129  15:45  Pylon  
  129  15:48  Pylon  
  129  15:54  Probe (Chrono Boost)  
  130  16:00  Pylon  
  130  16:01  Probe (Chrono Boost), Void Ray  
  135  16:08  Probe  
  136  16:15  Protoss Shields Level 3  
  136  16:19  Void Ray  
  136  16:20  Probe  
  89  16:44  Void Ray x2  
  85  16:57  Photon Cannon  
  85  17:00  Photon Cannon  
  85  17:07  Photon Cannon  
  85  17:10  Probe (Chrono Boost)  
  86  17:20  Probe (Chrono Boost)  
  87  17:23  Protoss Air Weapons Level 3 (Chrono Boost)  
  87  17:25  Probe (Chrono Boost)  
  88  17:59  Void Ray x2  
  88  18:04  Assimilator  
  96  18:33  Pylon  
  96  18:40  Nexus  
  17  19:30  Photon Cannon  
  17  19:33  Photon Cannon  
  17  19:37  Photon Cannon  
  17  19:40  Pylon  
  17  19:42  Void Ray x6  
  41  19:48  Void Ray  
  44  21:19  Void Ray (Chrono Boost)  
  44  21:20  Void Ray (Chrono Boost)  
  40  22:23  Assimilator  
  40  22:24  Assimilator  
  16  22:52  Forge  
  16  22:55  Gateway  
  16  23:01  Pylon  
  16  23:06  Pylon  
  16  23:07  Probe (Chrono Boost)  
  17  23:18  Probe (Chrono Boost)  
  18  23:23  Probe (Chrono Boost)  
  19  23:30  Photon Cannon  
  19  23:34  Probe  
  20  23:35  Photon Cannon  
  20  23:47  Cybernetics Core  
Show
View Real Time Build Order
Export as new Build Order

Bluntman Protoss 

Build Orders:  

Get SALT Encoding   

  12  0:02  Probe (Chrono Boost)  
  13  0:12  Probe (Chrono Boost)  
  14  0:17  Probe (Chrono Boost)  
  15  0:31  Pylon  
  15  0:33  Pylon  
  15  0:40  Pylon  
  15  1:03  Forge  
  15  1:14  Nexus  
  15  1:17  Assimilator  
  15  1:22  Assimilator  
  15  1:32  Assimilator  
  15  1:36  Assimilator  
  15  2:07  Assimilator  
  15  2:12  Probe (Chrono Boost), Assimilator  
  16  2:22  Probe (Chrono Boost)  
  17  2:27  Probe (Chrono Boost)  
  17  2:28  Pylon  
  18  2:30  Pylon  
  18  2:33  Pylon  
  18  2:36  Pylon  
  18  2:38  Probe  
  18  2:39  Probe  
  20  2:50  Probe  
  21  2:51  Probe  
  21  2:55  Photon Cannon  
  21  2:57  Photon Cannon  
  22  3:02  Photon Cannon  
  22  3:03  Probe (Chrono Boost)  
  23  3:10  Photon Cannon  
  23  3:16  Probe (Chrono Boost)  
  24  3:24  Probe (Chrono Boost)  
  25  3:30  Probe  
  25  3:31  Probe  
  27  3:42  Probe  
  27  3:43  Probe  
  29  3:54  Probe  
  29  3:55  Probe  
  31  3:59  Assimilator  
  31  4:06  Probe  
  31  4:07  Probe  
  33  4:18  Probe  
  33  4:19  Probe  
  35  4:30  Probe  
  36  4:31  Probe  
  36  4:36  Pylon  
  36  4:37  Pylon  
  37  4:38  Pylon  
  37  4:42  Probe  
  37  4:43  Probe  
  39  4:54  Probe  
  39  4:55  Probe  
  41  5:07  Probe  
  42  5:08  Probe  
  42  5:10  Forge x2  
  43  5:17  Gateway  
  43  5:19  Probe, Pylon  
  43  5:20  Probe  
  45  5:57  Protoss Shields Level 1, Protoss Ground Weapons Level 1, Protoss Ground Armor Level 1  
  45  6:08  Cybernetics Core  
  45  6:51  Twilight Council  
  45  7:15  Pylon  
  45  7:16  Pylon  
  45  7:18  Pylon  
  45  7:20  Pylon  
  45  7:21  Pylon  
  45  7:25  Nexus  
  45  7:33  Nexus  
  45  7:36  Assimilator  
  45  7:41  Probe, Assimilator  
  46  7:44  Probe  
  46  7:50  Assimilator  
  47  7:53  Probe  
  47  7:54  Assimilator  
  47  7:56  Probe  
  49  8:03  Photon Cannon x2  
  49  8:05  Probe  
  50  8:06  Photon Cannon  
  50  8:07  Photon Cannon  
  50  8:08  Probe  
  50  8:09  Photon Cannon x2  
  50  8:11  Photon Cannon  
  51  8:13  Photon Cannon  
  51  8:14  Photon Cannon  
  51  8:16  Photon Cannon  
  51  8:17  Probe  
  51  8:18  Photon Cannon  
  52  8:20  Probe, Photon Cannon  
  52  8:22  Photon Cannon  
  52  8:24  Photon Cannon  
  53  8:29  Pylon, Probe  
  53  8:30  Pylon  
  53  8:32  Pylon  
  53  8:33  Probe  
  55  8:34  Pylon  
  55  8:39  Pylon  
  55  8:45  Probe  
  55  8:46  Probe  
  57  8:50  Probe  
  57  8:52  Probe  
  59  8:57  Probe  
  59  8:58  Probe  
  61  9:07  Pylon x2  
  61  9:09  Pylon, Probe  
  61  9:10  Pylon, Probe  
  61  9:11  Pylon  
  61  9:16  Pylon  
  62  9:17  Pylon  
  62  9:18  Pylon  
  62  9:21  Probe  
  62  9:22  Probe  
  62  9:33  Probe  
  62  9:34  Probe  
  64  9:42  Gateway  
  64  9:43  Gateway  
  64  9:45  Gateway  
  64  9:49  Gateway  
  64  9:51  Gateway  
  64  9:53  Gateway  
  64  9:56  Probe  
  65  10:00  Probe  
  66  10:08  Probe  
  66  10:12  Probe  
  68  10:16  Pylon  
  68  10:18  Pylon  
  68  10:19  Pylon  
  68  10:30  Gateway x2  
  68  10:35  Gateway x2  
  68  10:44  Robotics Facility x2  
  68  10:49  Robotics Facility  
  68  11:01  Probe  
  68  11:03  Probe  
  69  11:13  Probe  
  69  11:15  Probe  
  52  11:25  Probe  
  52  11:27  Probe  
  52  11:37  Robotics Bay  
  52  11:38  Probe  
  52  11:39  Protoss Shields Level 2, Probe, Protoss Ground Weapons Level 2, Protoss Ground Armor Level 2  
  54  11:50  Probe  
  54  11:51  Probe  
  56  12:00  Nexus  
  56  12:08  Nexus  
  56  12:12  Probe  
  56  12:15  Probe  
  58  12:20  Stalker x2  
  58  12:21  Stalker x6  
  58  12:22  Stalker x2  
  78  12:24  Probe  
  78  12:27  Probe  
  80  12:36  Probe  
  81  12:38  Observer x3  
  81  12:39  Probe  
  85  12:48  Probe  
  85  12:50  Stalker  
  85  12:51  Probe, Stalker x6  
  94  12:52  Stalker x2  
  94  12:54  Probe  
  108  13:00  Probe  
  108  13:04  Probe  
  110  13:06  Probe  
  111  13:13  Assimilator  
  111  13:18  Probe  
  110  13:30  Probe  
  90  13:42  Probe  
  71  14:13  Probe  
  72  14:25  Probe  
  73  14:37  Probe  
  72  14:40  Pylon  
  72  14:41  Pylon  
  72  14:43  Pylon  
  72  14:44  Pylon  
  72  14:50  Pylon x2  
  72  14:51  Pylon  
  65  15:05  Gateway x2  
  49  15:33  Gateway  
  49  15:36  Probe  
  49  15:39  Probe  
  51  15:48  Probe  
  52  15:51  Probe  
  52  15:55  Probe x2  
  55  16:00  Probe  
  55  16:03  Probe  
  57  16:07  Probe x2  
  59  16:13  Probe  
  59  16:15  Probe  
  61  16:19  Probe x2  
  61  16:25  Probe, Stalker  
  64  16:26  Stalker x7  
  64  16:27  Probe, Stalker x2  
  64  16:31  Probe x2  
  87  16:43  Probe  
  87  16:44  Probe  
  89  16:55  Probe, Stalker  
  89  16:56  Stalker x7  
  89  16:57  Stalker x2  
  110  17:18  Probe  
  111  17:25  Probe, Stalker  
  111  17:26  Stalker x7  
  111  17:27  Stalker x2  
  132  17:30  Probe  
  133  17:37  Probe  
  133  17:42  Probe  
  135  17:47  Probe  
  135  17:48  Probe  
  135  17:49  Probe  
  138  17:55  Probe, Stalker  
  138  17:56  Stalker x7  
  138  17:57  Stalker x2  
  159  17:59  Probe  
  159  18:00  Probe  
  159  18:01  Probe  
  162  18:08  Probe  
  162  18:12  Probe  
  164  18:13  Probe  
  165  18:20  Probe  
  165  18:25  Stalker, Assimilator  
  165  18:26  Probe, Stalker x7  
  165  18:27  Stalker x2  
  182  18:32  Probe  
  180  18:38  Probe  
  174  18:44  Probe  
  169  18:50  Probe  
  160  18:55  Stalker  
  160  18:56  Stalker x7  
  160  18:57  Stalker  
  178  19:07  Stalker  
  156  19:50  Pylon  
  156  19:51  Pylon  
  156  19:52  Pylon  
  156  20:10  Pylon  
  154  20:36  Forge  
  154  20:40  Cybernetics Core  
  153  21:18  Twilight Council  
  153  21:37  Forge  
  153  21:38  Forge  
  153  21:48  Stalker x7  
  153  21:49  Stalker x3  
  173  22:04  Blink  
  173  22:18  Stalker x7  
  173  22:19  Stalker x3  
  193  22:25  Protoss Shields Level 3  
  193  22:26  Protoss Ground Armor Level 3  
  193  22:38  Protoss Ground Weapons Level 3  
  193  22:47  Stalker x2  
  193  22:48  Stalker  
  199  23:08  Robotics Facility  
  199  23:09  Robotics Facility  
  199  23:13  Robotics Facility  
  50  24:14  Stalker x2  
  50  24:15  Stalker x4  
  50  24:16  Stalker x4  
  70  24:44  Stalker x2  
  70  24:45  Stalker x4  
  80  24:46  Stalker x4  
  90  24:59  Robotics Bay  
  90  25:14  Stalker  
  90  25:15  Stalker x5  
  90  25:16  Stalker x3  
  112  25:21  Observer x2  
  112  25:22  Observer  
  111  25:42  Observer  
  111  25:44  Stalker  
  111  25:45  Stalker x5  
  111  25:46  Stalker  
Show
View Real Time Build Order
Export as new Build Order

Roosevelt Zerg 

Build Orders: Hatch First, Muta Ling Bane 

Get SALT Encoding   

  12  0:02  Drone  
  13  0:12  Drone  
  14  0:44  Overlord  
  14  0:48  Hatchery  
  13  0:51  Drone  
  14  1:06  Spawning Pool  
  14  1:09  Drone  
  14  1:10  Drone  
  15  1:17  Drone  
  16  1:28  Extractor  
  16  1:31  Extractor  
  14  1:54  Queen  
  14  1:59  Drone x2  
  14  2:00  Drone  
  19  2:03  Queen  
  19  2:05  Drone  
  22  2:19  Baneling Nest  
  22  2:22  Drone x2  
  23  2:27  Drone  
  24  2:31  Drone  
  25  2:45  Lair  
  25  3:02  Drone x3  
  28  3:11  Overlord x2  
  28  3:35  Drone x3  
  28  3:39  Extractor  
  30  3:51  Evolution Chamber  
  30  3:54  Drone x2  
  30  3:55  Drone x3  
  34  4:10  Overlord  
  34  4:18  Spire  
  34  4:21  Spore Crawler  
  34  4:24  Spore Crawler  
  31  4:26  Spore Crawler  
  31  4:28  Spore Crawler  
  31  4:30  Drone x4  
  33  4:36  Drone x3  
  33  4:37  Drone  
  37  4:42  Spore Crawler  
  37  4:45  Spore Crawler  
  35  4:51  Spore Crawler, Drone  
  35  4:52  Drone  
  36  5:02  Zergling x8  
  36  5:03  Zergling x2  
  41  5:12  Extractor  
  40  5:18  Drone x3  
  40  5:19  Drone x2  
  45  5:22  Overlord  
  45  5:33  Mutalisk  
  45  5:34  Mutalisk x2  
  51  5:40  Overlord x2  
  51  5:56  Overlord  
  51  6:09  Mutalisk x2  
  51  6:10  Mutalisk x3  
  61  6:12  Mutalisk x2  
  65  6:21  Drone x4  
  69  6:30  Drone  
  70  6:41  Zerg Flyer Weapons Level 1  
  70  6:43  Zerg Melee Weapons Level 1  
  70  6:44  Centrifical Hooks  
  70  6:47  Baneling x2  
  70  6:48  Baneling x2  
  70  7:06  Drone, Mutalisk x2  
  75  7:09  Zergling x8  
  75  7:10  Hatchery  
  78  7:26  Drone x2  
  78  7:27  Drone  
  81  7:33  Spire  
  80  7:37  Overlord x2  
  80  7:39  Mutalisk  
  80  7:41  Mutalisk  
  84  8:02  Mutalisk x2  
  84  8:04  Overlord  
  84  8:05  Overlord x2  
  88  8:12  Hatchery  
  87  8:20  Overlord x2  
  87  8:22  Queen  
  87  8:24  Drone  
  90  8:30  Extractor  
  90  8:31  Mutalisk x3  
  95  8:34  Mutalisk  
  97  8:42  Extractor  
  97  8:43  Drone  
  97  8:44  Drone  
  97  8:46  Mutalisk  
  100  8:49  Zergling x2  
  101  8:58  Overseer  
  101  9:01  Zergling x2  
  101  9:02  Mutalisk  
  104  9:11  Spore Crawler  
  104  9:16  Mutalisk x2  
  107  9:28  Mutalisk  
  107  9:29  Mutalisk  
  111  9:38  Zergling x2  
  111  9:39  Zergling x2  
  111  9:40  Zergling x8  
  117  9:49  Queen  
  119  9:53  Drone x3  
  122  10:00  Mutalisk x2  
  122  10:01  Mutalisk  
  122  10:04  Zergling x2  
  122  10:05  Zergling x4  
  122  10:06  Zergling x8  
  134  10:12  Drone  
  124  10:30  Zergling x2  
  124  10:31  Zergling x4  
  124  10:32  Zergling x4  
  129  10:43  Mutalisk  
  129  10:44  Mutalisk x2  
  129  10:47  Drone x5  
  136  10:50  Drone x3  
  136  10:53  Extractor  
  136  10:57  Extractor  
  136  11:00  Baneling x4  
  136  11:01  Baneling x4  
  133  11:10  Mutalisk x2  
  137  11:11  Mutalisk x2  
  138  11:21  Mutalisk  
  138  11:23  Mutalisk  
  135  11:51  Drone x5  
  135  11:52  Drone  
  141  12:00  Spine Crawler  
  140  12:03  Spine Crawler  
  140  12:07  Baneling, Spine Crawler  
  140  12:08  Baneling x6  
  138  12:10  Mutalisk x3  
  138  12:12  Mutalisk x2  
  134  12:30  Hatchery  
  134  12:35  Hatchery  
  134  12:36  Hatchery  
  97  12:37  Zerg Flyer Weapons Level 2  
  97  12:41  Zerg Missile Weapons Level 1  
  97  12:44  Zerg Flyer Armor Level 1  
  76  12:51  Spine Crawler  
  74  12:55  Spine Crawler  
  74  12:57  Drone  
  74  12:58  Drone x5, Spine Crawler  
  78  13:05  Spore Crawler  
  75  13:09  Drone x2  
  75  13:10  Drone x2  
  79  13:16  Spore Crawler  
  79  13:18  Spore Crawler  
  77  13:20  Mutalisk x3, Spine Crawler  
  77  13:21  Mutalisk x2  
  77  13:22  Mutalisk  
  88  13:32  Mutalisk  
  88  13:33  Mutalisk  
  90  13:35  Mutalisk  
  94  13:52  Spine Crawler  
  93  13:58  Spore Crawler  
  93  13:59  Drone x3  
  93  14:00  Drone x3  
  98  14:05  Mutalisk x3  
  98  14:07  Spore Crawler  
  98  14:08  Mutalisk  
  98  14:09  Mutalisk  
  107  14:19  Drone x3  
  107  14:20  Drone x2  
  112  14:41  Spore Crawler, Mutalisk x3  
  112  14:42  Mutalisk x3  
  123  15:02  Drone x6  
  123  15:04  Drone x3  
  123  15:05  Drone x6  
  138  15:23  Spore Crawler  
  128  15:29  Mutalisk x3  
  128  15:33  Mutalisk x3  
  126  15:39  Zergling x6  
  126  15:40  Zergling x8  
  115  15:50  Mutalisk  
  115  15:51  Mutalisk  
  107  15:57  Mutalisk  
  107  15:59  Mutalisk  
  107  16:00  Mutalisk x5  
  117  16:09  Mutalisk  
  117  16:10  Mutalisk  
  94  16:18  Baneling x2  
  94  16:19  Baneling x5  
  92  16:27  Spine Crawler  
  92  16:28  Zergling x12  
  92  16:29  Zergling x4  
  99  16:38  Zergling x2  
  100  16:43  Spine Crawler  
  99  16:48  Mutalisk x3  
  105  17:16  Mutalisk x2  
  105  17:21  Zerg Flyer Armor Level 2  
  109  17:23  Hatchery  
  108  17:39  Mutalisk  
  108  17:40  Mutalisk  
  108  17:43  Zergling x6  
  115  17:45  Zergling x2  
  115  17:46  Zergling x8  
  120  18:09  Infestation Pit  
  119  18:22  Mutalisk x3  
  110  18:29  Zergling x6  
  63  18:42  Spine Crawler  
  63  18:46  Spine Crawler  
  61  18:48  Spine Crawler  
  61  18:49  Spine Crawler  
  61  18:52  Spine Crawler  
  58  19:00  Zergling x14  
  58  19:01  Zergling x4  
  67  19:08  Mutalisk x2  
  70  19:19  Mutalisk x2  
  72  19:30  Mutalisk x2  
  73  19:39  Mutalisk  
  73  19:41  Mutalisk  
  63  20:06  Mutalisk x2  
  63  20:07  Mutalisk  
  63  20:09  Zergling x8  
  63  20:10  Zergling x2  
  74  20:23  Zergling x6  
  74  20:24  Zergling x4  
  79  20:45  Hatchery  
  78  20:51  Zergling x6  
  72  21:08  Mutalisk x2  
  50  21:23  Zergling x6  
Tags
 
Add a new tag
Caveats
  • Supply blocks, unpowered buildings, or Contaminate may cause inaccurate times.
  • Supply counts are checked every 10 seconds.